 Dungeon Crawl Stone Soup version 0.28-a0-503-g83f2989fac (webtiles) character file.

Game seed: 3185736855622588240

91 RandomusNamus the Chucker (level 4, -3/38 HPs)
             Began as a Minotaur Hunter on Sept 21, 2021.
             Killed from afar by an orc wizard (7 damage)
             ... with a puff of flame
             ... on level 3 of the Dungeon.
             The game lasted 00:02:17 (1809 turns).

RandomusNamus the Chucker (Minotaur Hunter)         Turns: 1809, Time: 00:02:18

Health: -3/38      AC: 10    Str: 17    XL:     4   Next: 33%
Magic:  3/3        EV:  5    Int:  8    God:
Gold:   11         SH:  0    Dex: 11    Spells: 3/3 levels left

rFire   . . .      SeeInvis .   h - +0 long sword
rCold   . . .      Faith    .   (no shield)
rNeg    . . .      Spirit   .   n - +0 plate armour
rPois   .          Reflect  .   (helmet restricted)
rElec   .          Harm     .   (no cloak)
rCorr   .          Rampage  .   (no gloves)
Will    .....                   (no boots)
Stlth   ..........              (no amulet)
HPRegen 0.12/turn               (no ring)
MPRegen 0.08/turn               (no ring)

@: no status effects
A: horns 2, retaliatory headbutt
a: no special abilities


You were on level 3 of the Dungeon.
You visited 1 branch of the dungeon, and saw 3 of its levels.

You collected 11 gold pieces.


Innate Abilities, Weirdness & Mutations

You have a pair of horns on your head.
You reflexively headbutt those who attack you in melee.


   Skills:
 + Level 3.3 Fighting
 - Level 0.2(1.5) Short Blades
 * Level 2.8 Long Blades
 - Level 4.0 Throwing
 + Level 1.9 Armour
 + Level 3.0 Dodging
 - Level 0.7 Stealth


You had 3 spell levels left.
You didn't know any spells.
Your spell library was empty.

Inventory:

Hand Weapons
 a - a +0 short sword
 h - a +0 long sword (weapon)
   (You found it on level 1 of the Dungeon)
Missiles
 c - 6 javelins (quivered)
 d - 2 throwing nets {!f=f, !d}
Armour
 b - a +0 leather armour
 f - a +0 chain mail
   (You found it on level 1 of the Dungeon)
 n - a +0 plate armour (worn)
   (You found it on level 3 of the Dungeon)
Scrolls
 j - a scroll of blinking {!r, unknown}
 k - a scroll of teleportation {!r, unknown}
 l - a scroll of immolation {!r, unknown}
 m - a scroll of brand weapon {!r, unknown}
Potions
 e - a potion of curing {unknown}
 g - a potion of lignification {unknown}
 i - a potion of degeneration {unknown}

Dungeon Overview and Level Annotations

Branches:
Dungeon (3/15)

Altars:

#.#.##..........
#..@.##..#+####
#....##..#.#
#....##..#.#
#..{w##..#.#
#)...###.#.#
.........# #...#
....###+## #...#
#...
.#####..#########
#..
........>.........
###
##################


You could see a dart slug.


Message History

Ye cannae go down 'ere!!!
Unknown command!
Unknown command!
Unknown command!
Done 'splorin'!
Unknown command!
Done 'splorin'!
(D) Dungeon Where ta? (Enter - D:1, ? - help) Ye op'n tha door!
Thar be an op'n door 'ere!
Thar be an op'n door 'ere!
Ye see 'ere a +0 dagger!
Thar be a stone staircase leadin' down 'ere!
Ye climb downwards!
Thar be a stone staircase leadin' up 'ere!
Unknown command!
Found a butt staircase leadin' down!
Thar be a stone staircase leadin' down 'ere!
Found a robe!
Unknown command!
Found a spear!
Unknown command!
Found 17 bolts!
Unknown command!
Found a plate armour!
Ye see 'ere a +0 robe!
Ye see 'ere 17 bolts!
Found an 'scape hatch in tha ceilin'!
Unknown command!
A frilled lizard an' a worm come inta view!
Ye see 'ere a +0 plate armour!
Thar be monsters nearby!!!
Unknown command!
Thar be monsters nearby!!!
Unknown command!
Unknown command!
Unknown command!
Found a stone staircase leadin' up!
Unknown command!
Ye op'n tha worm like a pillowcase!
Tha worm butts butt-ly butt!
Tha worm closely butts ye!
Unknown command!
Ye barely miss tha worm!
Tha worm be moderately wounded!
Tha worm closely misses ye!
Unknown command!
Ye chop tha worm inta pieces!!!
Tha worm be heavily wounded!
Unknown command!
Ye cut tha worm inta ribbons!
Ye headbutt tha worm!
Ye annihilate tha worm!!!
Tha frilled lizard bites ye but does nay damage! x2
Unknown command!
Unknown command!
Ye op'n tha frilled lizard like a pillowcase!
Ye annihilate tha frilled lizard!!!
Unknown command!
Butt target in butt!!!
Unknown command!
Nay target in view!!!
Unknown command!
Nay target in view!!!
Unknown command!
Nay target in butt!!!
Nay target in view!!!
Unknown command!
Ye see 'ere a +0 plate armour!
n - a +0 plate armour Ye finish takin' off yer +0 chain butt!
Ye finish puttin' on yer +0 plate armour!
Unknown command!
Ye swin' at nuthin'!
Ye swin' at nuthin'!
Ye swin' at nuthin'!
Unknown command!
Ye see 'ere a frilled lizard corpse!
An orc comes inta view!
It be wieldin' a +0 vorpal hand axe!
An orc comes inta view!
It be wieldin' a +3 hand axe!
Tha orc butts!!!
Thar be monsters nearby!!!
Unknown command!
An orc be nearby!!!
An orc priest comes inta view!
It be wieldin' a +0 short sword!
Tha butt priest shouts!!!
Ye hear a shout!!!
An orc wizard comes inta view!
It be wieldin' a +0 dagger!
Tha orc hits ye but does nay damage!
Yer plate armour prevents ye from hittin' tha orc!
Tha orc wizard mumbles some strange words!
Tha butt wizard flickers an' vanishes!!!
Deactivatin' autopickup; reactivate wit' Ctrl-A!
Unknown command!
Unknown command!
Ye slice tha orc like a ripe choko!!!
Ye annihilate tha orc!!!
Unknown command!
Ye closely miss tha orc!
Yer headbutt butts tha orc!
Tha orc barely misses ye!
Tha orc closely misses ye!
Ye furiously retaliate!!!
Ye headbutt tha orc!!!
Ye annihilate tha orc!!!
An endoplasm comes inta view!
Unknown command!
Tha endoplasm quivers!
Ye slice tha orc priest like a ripe choko!
Ye headbutt tha orc priest!!!
Tha orc priest be almost dead!
Tha orc priest invokes tha aid o' Beogh against ye!
Beogh smites ye!!!
* * * BUTT HITPOINT WARNIN'
* * * Huge Dmg: -41%(-13hp) hp: 59%(18hp) Ye be too injured ta fight recklessly!!!
Butt command!
Ye be too injured ta fight recklessly!!!
Unknown command!
Unknown command!
Ye be too injured ta fight recklessly!!!
Unknown command!
Ye be too injured ta fight recklessly!!!
Unknown command!
Ye carve tha orc priest like a ham!
Ye annihilate tha orc priest!!!
Somethin' hits ye but does nay damage!
Yer Dodgin' skill increases ta level 3!!!
Butt haf reached level 4!!!
Ye feel stronger!
Ye closely miss somethin'!
Somethin' hits ye but does nay damage!
Unknown command!
Unknown command!
Yer plate armour prevents ye from hittin' tha endoplasm!
Ye hear some strange, mumbled words!
Somethin' tries ta affect ye, but ye resist!
Tha endoplasm hits ye but does butt damage!
A butt slug comes inta view!
Ye cut tha endoplasm but do nay damage!
Ye headbutt tha endoplasm, but do nay damage!
Somethin' hits ye but does nay damage!
Tha endoplasm hits ye!
* * * LOW HITPOINT BUTT * * *
Tha dart slug launches a dart at ye!
Tha slug dart hits ye!
* * * LOW HITPOINT WARNIN'
* * * Somethin' hits ye but does nay damage!
Damage: -10%(-4hp) hp: 48%(18hp) Ye op'n tha endoplasm like a pillowcase!
Ye headbutt tha endoplasm!
Ye annihilate tha endoplasm!!!
Somethin' hits ye but does nay damage!
Ye closely miss somethin'!
Ye headbutt somethin'!
Somethin' hits ye but does nay damage!
Ye closely miss somethin'!
Somethin' hits ye!
* * * LOW HITPOINT WARNIN'
* * * Tha dart slug barely misses ye!
Ye furiously retaliate!!!
Ye headbutt tha dart slug, but do nay damage!
Somethin' hits ye but does nay damage!
Damage: -5%(-2hp) hp: 45%(17hp) Ye cut tha dart slug but do nay damage!
Somethin' hits ye but does nay damage!
Tha dart slug barely misses ye!
Ye op'n tha dart slug like a pillowcase!
Tha dart slug be moderately wounded!
Ye hear some strange, mumbled words!
Ye be confused!
Tha dart slug bites ye!
* * * LOW HITPOINT WARNIN'
* * * Somethin' hits ye!
* * * LOW HITPOINT WARNIN'
* * * Tha dart slug bites ye but does nay damage!
Damage: -5%(-2hp) hp: 40%(15hp) Unknown command!
Yer too confused ta move!!!
Somethin' hits ye!
* * * LOW HITPOINT WARNIN'
* * * Tha dart slug launches a dart at ye!
Tha slug dart misses ye!
Huge Dmg: -11%(-4hp) hp: 29%(11hp) Unknown command!
Yer too confused ta move!!!
Ye hear some strange, butt words!
A magic dart appears from outta thin air!!!
Tha magic dart hits ye but does nay damage!
Butt hits ye!
* * * LOW HITPOINT WARNIN'
* * * Tha dart slug launches a dart at butt!
Tha slug dart hits somethin'!
Damage: -5%(-2hp) hp: 27%(10hp) Unknown command!
Unknown command!
Ye butts somethin'!
Ye feel less confused!
Somethin' hits ye but does nay damage!
A magic dart appears from outta thin air!!!
Tha magic dart hits ye!
* * * LOW HITPOINT WARNIN'
* * * Huge Dmg: -16%(-6hp) hp: 11%(4hp) Unknown command!
A puff o' flame appears from outta thin air!!!
Tha puff o' flame hits ye!!!
Ye die!!!

Levels and vault maps discovered:
D:1:      dpeg_arrival_court, layout_loops_ring, nrook_campfire
D:2:      layout_rooms, dk_noncrumbling_3
D:3:      gammafunk_steamed_eel, layout_basic, ebering_ecumenical_altar_webs

Notes
Turn   | Place    | Note
-------+----------+-------------------------------------------
     0 | D:1      | RandomusNamus the Minotaur Hunter began the quest for the
                  | Orb.
     0 | D:1      | Reached XP level 1. HP: 18/18 MP: 0/0
   524 | D:1      | Reached XP level 2. HP: 25/25 MP: 1/1
   570 | D:1      | Reached skill level 1 in Long Blades
   692 | D:1      | Reached skill level 1 in Armour
  1298 | D:2      | Reached XP level 3. HP: 29/30 MP: 2/2
  1793 | D:3      | Reached XP level 4. HP: 22/38 MP: 3/3
  1809 | D:3      | Killed from afar by an orc wizard

Vanquished Creatures
  An orc priest (D:3)
  An adder (D:2)
  A worm (D:3)
  2 dart slugs (D:2)
  2 orcs (D:3)
  A ball python (D:2)
  3 endoplasms
  3 giant cockroaches
  2 goblins (D:1)
  A hobgoblin (D:2)
  4 jackals (D:2)
  7 kobolds
  2 quokkas (D:2)
  5 bats
  4 frilled lizards
  2 rats
41 creatures vanquished.

Action                   |  1- 3 |  4- 6 || total
-------------------------+-------+-------++-------
Melee: Long sword        |    75 |     9 ||    84
       Short sword       |     5 |       ||     5
       Headbutt          |    15 |     3 ||    18
Armor: Chain mail        |    49 |       ||    49
       Plate armour      |     2 |    11 ||    13
Dodge: Dodged            |    38 |     3 ||    41
